 Dungeon Crawl Stone Soup version 0.27-a0-679-g77a6b55cf3 (webtiles) character file.

Game seed: 10050454200192328892

39 kae the Ruffian (level 3, 0/31 HPs)
             Began as a Naga Transmuter on Mar 18, 2021.
             Slain by Natasha (5 damage)
             ... on level 2 of the Dungeon.
             The game lasted 00:00:58 (1655 turns).

kae the Ruffian (Naga Transmuter)                   Turns: 1655, Time: 00:00:58

Health: 0/31       AC:  2    Str: 13    XL:     3   Next: 45%
Magic:  6/6        EV: 10    Int: 13    God:
Gold:   31         SH:  0    Dex: 11    Spells: 1/6 levels left

rFire    . . .     SeeInvis +     - Unarmed
rCold    . . .     Faith    .   (no shield)
rNeg     . . .     Spirit   .   a - +0 robe
rPois    +         Reflect  .   (no helmet)
rElec    .         Harm     .   (no cloak)
rCorr    .         Rampage  .   (no gloves)
Will     .....                  (no barding)
Stlth    +.........             (no amulet)
HPRegen  0.10/turn              (no ring)
MPRegen  0.10/turn              (no ring)

@: mighty, slowed, very slow
A: AC +1, large, see invisible, deformed body, poison resistance, slowness 2,
spit poison 1, naga tail 1
a: Spit Poison


You were on level 2 of the Dungeon.
You visited 1 branch of the dungeon, and saw 2 of its levels.

You collected 31 gold pieces.

Inventory:

Armour
 a - a +0 robe (worn)
Scrolls
 d - a scroll of teleportation {unknown}
 f - a scroll of amnesia {unknown}
Potions
 e - a potion of haste {unknown}


   Skills:
 + Level 1.5 Fighting
 + Level 1.8 Dodging
 * Level 3.3 Unarmed Combat
 + Level 2.2 Spellcasting
 * Level 2.6 Transmutations


You had one spell level left.
You knew the following spells:

 Your Spells              Type           Power      Damage    Failure   Level
a - Beastly Appendage     Tmut           16%        N/A       9%          1
b - Spider Form           Tmut/Pois      2%         N/A       41%         3
z - Animate Skeleton      Necr           2%         N/A       26%         1

Your spell library contained the following spells:

 Spells                   Type           Power      Damage    Failure   Level
 Apportation              Tloc           2%         N/A       26%         1
 Corona                   Hex            1%         N/A       26%         1
 Summon Small Mammal      Summ           4%         N/A       26%         1
 Wereblood                Tmut           8%         N/A       13%         2
 Confusing Touch          Hex            1%         N/A       58%         3
 Gell's Gravitas          Tloc           0%         N/A       58%         3
 Ice Form                 Ice/Tmut       4%         N/A       82%         4
 Petrify                  Tmut/Erth      4%         N/A       82%         4
 Blade Hands              Tmut           4%         N/A       93%         5
 Yara's Violent Unravell  Hex/Tmut       2%         3d3       99%         5
 Metabolic Englaciation   Hex/Ice        0%         N/A       100%        5


Dungeon Overview and Level Annotations

Branches:
Dungeon (2/15)

Altars:

Shops:
D:1 =

Annotations:
D:2 Natasha


Innate Abilities, Weirdness & Mutations

Your serpentine skin is tough. (AC +1)
You have supernaturally acute eyesight. (SInv)
Armour fits poorly on your strangely shaped body.
Your system is resistant to poisons. (rPois)
You cover ground very slowly.
You can spit poison.
You have a snake-like lower body.


Message History

Natasha is lightly wounded.
Natasha claws you.
There are monsters nearby!
Natasha casts a spell.
Okay, then.
It was a potion of might.
You feel very mighty all of a sudden.
You have got your breath back.
It was a potion of heal wounds.
You feel much better. The dart slug bites you.
You punch the dart slug!
You kill the dart slug!
Natasha mumbles some strange words.
The white imp shouts!
The white imp shouts, "Back with thee, thou impertinent fat-kidneyed slabber!"
Natasha claws you. The white imp barely misses you.
You see here a dart slug corpse.
You completely miss Natasha.
Natasha is lightly wounded.
Natasha closely misses you. The white imp gestures at you.
The puff of frost hits you.
You miss Natasha.
Natasha is lightly wounded.
Natasha casts a spell at you. The magic dart hits you.
The white imp gestures at you. The puff of frost hits you!
You punch Natasha!
Natasha is heavily wounded.
Natasha wildly gestures.
Natasha glows brightly for a moment.
Natasha casts a spell at you.
You feel yourself slow down. The white imp hits you.
* * * LOW HITPOINT WARNING * * *
The white imp freezes you.
* * * LOW HITPOINT WARNING * * *
You barely miss Natasha.
Natasha is heavily wounded.
Natasha claws you.
You die...

# ### #. ...
.#.##.###.#
.....55h..# ###@####
#......# ### #.#.##.#
.....# #.#.# .# #
....#######.#.. .. #.
#.#.#....†..####..###
#>##.#.#(#####......#
.........#####.######
..#.........##.#


You could see Natasha and 2 white imps.

Vanquished Creatures
  2 dart slugs
  A bat (D:1)
  2 giant cockroaches (D:1)
  5 goblins
  6 hobgoblins (D:1)
  6 jackals (D:1)
  2 kobolds (D:1)
  A quokka (D:1)
  2 frilled lizards (D:1)
  2 rats (D:1)
29 creatures vanquished.

Notes
Turn   | Place    | Note
-------+----------+-------------------------------------------
     0 | D:1      | kae the Naga Transmuter began the quest for the Orb.
     0 | D:1      | Reached XP level 1. HP: 18/18 MP: 3/3
   123 | D:1      | Reached XP level 2. HP: 17/25 MP: 3/5
   862 | D:1      | Reached XP level 3. HP: 27/31 MP: 6/6
   864 | D:1      | Learned a level 1 spell: Animate Skeleton
   990 | D:1      | Learned a level 3 spell: Spider Form
  1050 | D:1      | Found Ofoduiv's Jewellery Emporium.
  1643 | D:2      | Noticed Natasha
  1655 | D:2      | Slain by Natasha

Illustrated notes

Levels and vault maps discovered:
D:1:      lemuel_arrival_hallway, layout_basic, serial_shops, shop
D:2:      layout_loops_cross, minmay_three_crescents, uniq_natasha,
          uniq_crazy_yiuf_cottage

Action                   || total
-------------------------++-------
Melee: Unarmed           ||    53
       Headbutt          ||     5
       Punch             ||     1
 Cast: Beastly Appendage ||    15
 Abil: Spit Poison       ||    18
  Use: Potion            ||     2
Armor: Robe              ||     3
Dodge: Dodged            ||    36

Table legend: (Time is in decaauts)
 A = Elapsed time spent in this place.
 B = Non-inter-level travel time spent in this place.
 C = Inter-level travel time spent in this place.
 D = Time resting spent in this place.
 E = Time spent auto-exploring this place.
 F = Levels seen in this place.
 G = Mean time per level.
                   A        B        C        D        E       F      G
               +--------+--------+--------+--------+--------+-----+--------+
         Total |   1971 |   1944 |     27 |     64 |   1676 |   2 |  985.5 |
       Dungeon |   1971 |   1944 |     27 |     64 |   1676 |   2 |  985.5 |
               +--------+--------+--------+--------+--------+-----+--------+

Top non-repeatable levels by time:
     D:1: 1817 daAuts
     D:2: 153 daAuts
